 Dungeon Crawl Stone Soup version 0.29-a0-451-gfbfa42419e (webtiles) character file.

Game seed: 4172696609594486801

2592 zishaf the Vexing (level 9, -12/72 HPs)
             Began as a Demigod Wanderer on May 19, 2022.
             Mangled by an orc warrior
             ... wielding a +0 war axe
              (16 damage)
             ... in a bailey.
             The game lasted 00:14:26 (7440 turns).

zishaf the Vexing (Demigod Wanderer)                Turns: 7440, Time: 00:14:27

Health: -12/72     AC:  6    Str: 27    XL:     9   Next: 11%
Magic:  16/16      EV: 11    Int: 26    God:
Gold:   318        SH:  0    Dex: 11    Spells: 5/13 levels left

rFire   . . .      SeeInvis +   n - +7 spear "Jodudyal" {flame, +Blink Str+3}
rCold   . . .      Faith    .   (no shield)
rNeg    + . .      Spirit   .   k - +0 leather armour of Xom's Displeasure {rN+ Str+3}
rPois   .          Reflect  .   a - +2 helmet of Compression {Str+6}
rElec   .          Harm     .   (no cloak)
rCorr   .          Rampage  .   (no gloves)
Will    +....                   (no boots)
Stlth   +.........              (no amulet)
HPRegen 0.22/turn               p - ring of see invisible
MPRegen 0.15/turn               g - ring of willpower

@: no status effects
A: high MP 1, forlorn, divine attributes
a: Evoke Blink


You were in a bailey.
You visited 1 branch of the dungeon, and saw 7 of its levels.
You also visited: Bailey.

You collected 318 gold pieces.

Inventory:

Hand Weapons
 h - a +1 short sword
 n - the +7 spear "Jodudyal" (weapon) {flame, +Blink Str+3}
   (You found it on level 2 of the Dungeon)

   It burns those it strikes, dealing additional fire damage.
   Str:       It affects your strength (+3).
   +Blink:    It lets you blink.
Missiles
 j - 23 poisoned darts
Armour
 a - the +2 helmet of Compression (worn) {Str+6}
   (You acquired it on level 4 of the Dungeon)

   Str:       It affects your strength (+6).
 k - the +0 leather armour of Xom's Displeasure (worn) {rN+ Str+3}
   (You found it on level 5 of the Dungeon)

   Str:       It affects your strength (+3).
   rN:        It protects you from negative energy.
Jewellery
 g - a ring of willpower (right hand)
 i - a ring of fire
 p - a ring of see invisible (left hand)
Wands
 x - a wand of flame (17)
Scrolls
 c - a scroll of fear
 u - 3 scrolls of fog
 v - a scroll of teleportation
Potions
 l - a potion of attraction
 m - 2 potions of invisibility
 o - a potion of curing {unknown}
 q - 3 potions of might
 t - 2 potions of brilliance {unknown}
 w - a potion of haste {unknown}
 z - 3 potions of lignification
 A - a potion of cancellation {unknown}
Miscellaneous
 b - a piece from Xom's chessboard (15/15)


   Skills:
 + Level 4.6 Fighting
 + Level 4.0 Polearms
 - Level 1.7 Armour
 - Level 2.6 Spellcasting
 * Level 6.4 Hexes
 * Level 5.8 Summonings
 + Level 4.9 Evocations


You had 5 spell levels left.
You knew the following spells:

 Your Spells              Type           Power      Damage    Failure   Level
a - Slow                  Hex            100%       N/A       1%          1
b - Necrotize             Necr           12%        1d4       11%         1
A - Summon Guardian Gole  Hex/Summ       35%        N/A       2%          3
B - Confusing Touch       Hex            37%        N/A       2%          3

Your spell library contained the following spells:

 Spells                   Type           Power      Damage    Failure   Level
 Anguish                  Hex/Necr       10%        N/A       28%         4
 Vampiric Draining        Necr           3%         2d6       32%         3
 Agony                    Necr           3%         N/A       96%         5
 Alistair's Intoxication  Tmut/Pois      2%         N/A       96%         5
 Borgnjor's Vile Clutch   Necr/Erth      1%         N/A       96%         5
 Eringya's Noxious Bog    Tmut/Pois      1%         N/A       100%        6
 Enfeeble                 Hex            18%        N/A       100%        7


Dungeon Overview and Level Annotations

Branches:
Dungeon (7/15)             Bailey (1/1)
 Temple: D:4-7

Shops:
D:4 :

Annotations:
D:7 Pikel


Innate Abilities, Weirdness & Mutations

You have an increased reservoir of magic. (+10% MP)
You shall have no god before yourself.
Your divine heritage dramatically boosts your attributes as you level up.


Message History

The goblin shouts!
There is an open gate here.
You reach to attack!
You hit the hobgoblin. You burn the hobgoblin.
The hobgoblin is severely wounded.
You closely miss the hobgoblin.
The hobgoblin is severely wounded.
The hobgoblin closely misses you.
You hit the hobgoblin but do no damage.
The hobgoblin is severely wounded.
You hit the hobgoblin. You burn the hobgoblin.
You kill the hobgoblin!
The orc warrior hits you with a +0 war axe!
You puncture the goblin! You burn the goblin.
You kill the goblin!
The orc warrior barely misses you.
You barely miss the orc warrior.
The orc warrior hits you but does no damage.
You puncture the orc warrior! You burn the orc warrior.
The orc warrior is moderately wounded.
You hit the orc warrior. You burn the orc warrior.
The orc warrior is heavily wounded.
The orc warrior hits you with a +0 war axe!
You hit the orc warrior but do no damage.
The orc warrior is heavily wounded.
The orc warrior hits you with a +0 war axe.
You hit the orc warrior. You burn the orc warrior.
The orc warrior is severely wounded.
The orc warrior hits you with a +0 war axe!
You closely miss the orc warrior.
The orc warrior is severely wounded.
The orc warrior hits you with a +0 war axe!!
* * * LOW HITPOINT WARNING * * *
You hit the orc warrior but do no damage.
The orc warrior is severely wounded.
The orc warrior hits you with a +0 war axe!
* * * LOW HITPOINT WARNING * * *
You hit the orc warrior but do no damage.
The orc warrior is severely wounded.
The orc warrior hits you with a +0 war axe!
You die...

#≈≈≈≈≈# #≈≈≈≈≈#
#≈≈≈≈≈#
#≈≈≈≈≈#####
#≈≈≈≈≈≈.#..
######.≈≈≈≈≈.#..
#......≈≈≈≈≈.#''
###......≈≈≈≈≈.#..
#@)............'..
#)o.∩.)).......'..
#..............'..
###......≈≈≈≈≈.#..
#......≈≈≈≈≈.#++
######.≈≈≈≈≈.#
#≈≈≈≈≈≈.#
#≈≈≈≈≈### #≈≈≈≈≈#


You could see an orc warrior.

Vanquished Creatures
  Grinder (D:3)
  Prince Ribbit (D:6)
  A wyvern (D:7)
  Menkaure (D:6)
  The ghost of jujuben the Digger, an amateur GrEE (D:3)
  A black bear (D:6)
  The ghost of CowFu the Skirmisher, an amateur MiFi (D:3)
  2 ogres
  The ghost of jujuben the Conjurer, an amateur DrCj (D:3)
  A centaur (D:5)
  A phantom (D:5)
  2 bullfrogs (D:7)
  A gnoll sergeant (D:7)
  A necrophage (D:6)
  2 scorpions
  4 hounds
  2 orc priests
  A gnoll shaman (D:7)
  An iguana (D:5)
  Natasha (thrice) (D:4)
  5 orc wizards
  13 gnolls
  11 adders
  A shadow imp (D:5)
  4 ufetubi
  A worm (D:4)
  A dart slug (D:2)
  17 orcs
  8 ball pythons
  9 bats
  5 endoplasms
  2 giant cockroaches
  15 goblins
  4 hobgoblins
  13 jackals
  10 kobolds
  3 quokkas
  2 frilled lizards
  8 rats
161 creatures vanquished.

Vanquished Creatures (others)
  A kobold brigand (D:6)
  An iguana (D:7)
  4 fungi (D:6)
  12 plants (D:5)
  4 withered plants (D:3)
22 creatures vanquished.

Grand Total: 183 creatures vanquished

Notes
Turn   | Place    | Note
-------+----------+-------------------------------------------
     0 | D:1      | zishaf the Demigod Wanderer began the quest for the Orb.
     0 | D:1      | zishaf set off with the following items: a +0 club, a piece
                  | from Xom's chessboard (15/15), a scroll of fear, a +0 chain
                  | mail; and the following spell memorised: Slow; and the
                  | following spells available to memorise: Summon Guardian
                  | Golem
     0 | D:1      | Reached XP level 1. HP: 16/16 MP: 6/6
   130 | D:1      | Reached XP level 2. HP: 18/23 MP: 8/8
   730 | D:2      | Reached skill level 2 in Hexes
   735 | D:2      | Identified the +7 spear "Jodudyal" {flame, +Blink Str+3}
   752 | D:1      | Reached XP level 3. HP: 28/29 MP: 9/9
   756 | D:1      | Learned a level 3 spell: Summon Guardian Golem
  1477 | D:2      | Reached skill level 1 in Summonings
  1477 | D:2      | Reached XP level 4. HP: 36/36 MP: 10/10
  2275 | D:3      | Found a runed translucent gate.
  2276 | D:3      | Found a runed translucent gate.
  2301 | D:3      | Found a runed translucent gate.
  2302 | D:3      | Noticed jujuben's ghost (amateur DrCj)
  2302 | D:3      | Noticed jujuben's ghost (amateur GrEE)
  2302 | D:3      | Noticed CowFu's ghost (amateur MiFi)
  2342 | D:3      | Noticed Grinder
  2356 | D:3      | Killed Grinder
  2357 | D:3      | Reached skill level 1 in Polearms
  2357 | D:3      | Reached skill level 3 in Hexes
  2357 | D:3      | Reached XP level 5. HP: 35/42 MP: 11/11
  2357 | D:3      | Reached XP level 6. HP: 42/50 MP: 13/13
  3006 | D:3      | Killed jujuben's ghost
  3018 | D:3      | Killed CowFu's ghost
  3019 | D:3      | Reached skill level 4 in Hexes
  3021 | D:3      | Killed jujuben's ghost
  3022 | D:3      | Reached XP level 7. HP: 6/57 MP: 14/14
  3377 | D:4      | Noticed Natasha
  3377 | D:4      | Found Kaliafep's Book Shoppe.
  3385 | D:4      | Killed Natasha
  3789 | D:4      | Noticed Natasha
  3795 | D:4      | Killed Natasha
  3834 | D:4      | Noticed Natasha
  3840 | D:4      | Killed Natasha
  3919 | D:4      | Identified a scroll of acquirement
  3919 | D:4      | Acquired the +2 helmet of Compression {Str+6}
  4399 | D:5      | Entered Level 5 of the Dungeon
  4571 | D:5      | Reached skill level 5 in Hexes
  4785 | D:5      | Reached XP level 8. HP: 60/66 MP: 15/15
  4788 | D:5      | Identified the +0 leather armour of Xom's Displeasure {rN+
                  | Str+3}
  6115 | D:6      | Learned a level 3 spell: Confusing Touch
  6117 | D:6      | Noticed Menkaure
  6121 | D:6      | Killed Menkaure
  6153 | D:6      | Noticed Prince Ribbit
  6164 | D:6      | Killed Prince Ribbit
  6165 | D:6      | Reached skill level 5 in Summonings
  6268 | D:6      | Reached skill level 6 in Hexes
  6774 | D:6      | You fall into a shaft and drop 1 floor!
  6800 | D:7      | Noticed Pikel
  6967 | D:7      | HP: 3/67 [orc wizard/+0 dagger (3)]
  7018 | D:7      | Reached XP level 9. HP: 22/72 MP: 16/16
  7139 | D:7      | Found a flagged portal.
  7213 | Bailey   | Entered a bailey
  7393 | Bailey   | Learned a level 1 spell: Necrotize
  7440 | Bailey   | Mangled by an orc warrior

Illustrated notes

Levels and vault maps discovered:
D:1:      denvon_arrival_waterhouse, layout_rooms
D:2:      layout_basic, serial_corexii_hall, chequers_hall_statues_wall_a,
          corexii_hall_statues_l, chequers_hall_statues_wall_a,
          hellmonk_ecumenical_altar_arch_garden, hangedman_decor_points,
          nicolae_concentric_dashed_squares_wild, bh_walls_and_bars
D:3:      layout_basic, amethyst_overflow_temple_binary,
          gammafunk_ghost_cemetery, uniq_grinder
D:4:      layout_basic, serial_shops, nicolae_square_shop, uniq_natasha
D:5:      layout_layer_cave, serial_bayou_lake_a
D:6:      layout_loops_ring, nrook_campfire, dreamdust_mushroom_princess,
          uniq_prince_ribbit1, uniq_menkaure
D:7:      layout_rooms, chequers_temple_overflow_minitemple,
          minmay_temple_entry_proselytizer, enter_bailey_3, grunt_ministairs_7,
          hangedman_decor_peaks_small, hangedman_decor_diamond_cutter,
          uniq_pikel
Bailey:   bailey_axe_of_yendor_kennysheep, bailey

Skill      XL: |  1  2  3  4  5  6  7  8  9 |
---------------+----------------------------+-----
Fighting       | 2 3 4 |  4.6
Hexes          | 2 3 4 5 6 |  6.4
Summonings     | 1 2 3 4 5 |  5.8
Polearms       | 1 2 3 4 |  4.0
Evocations     | 3 4 |  4.9
Armour         | |  1.7
Spellcasting   | |  2.6

Action                   |  1- 3 |  4- 6 |  7- 9 || total
-------------------------+-------+-------+-------++-------
Melee: Club              |    32 |       |       ||    32
       Short sword       |    47 |       |       ||    47
       Spear             |    33 |    66 |   302 ||   401
       Punch             |       |     1 |     2 ||     3
 Cast: Summon Guardian G |       |       |     3 ||     3
       Slow              |       |       |     1 ||     1
  Use: Potion            |       |     3 |     8 ||    11
       Scroll            |       |       |    13 ||    13
 Stab: Sleeping          |       |       |     1 ||     1
Armor: Chain mail        |    83 |    12 |       ||    95
       Leather armour    |       |     4 |    76 ||    80
       Skin              |       |       |    17 ||    17
Dodge: Dodged            |    44 |    19 |   149 ||   212

Table legend: (Time is in decaauts)
 A = Elapsed time spent in this place.
 B = Non-inter-level travel time spent in this place.
 C = Inter-level travel time spent in this place.
 D = Time resting spent in this place.
 E = Time spent auto-exploring this place.
 F = Levels seen in this place.
 G = Mean time per level.
                   A        B        C        D        E       F      G
               +--------+--------+--------+--------+--------+-----+--------+
         Total |   7510 |   7178 |    332 |   1357 |   4488 |   8 |  938.8 |
       Dungeon |   7285 |   6953 |    332 |   1219 |   4488 |   7 | 1040.7 |
        Bailey |    225 |    225 |      0 |    138 |      0 |   1 |  225.0 |
               +--------+--------+--------+--------+--------+-----+--------+

Top non-repeatable levels by time:
     D:3: 1713 daAuts
     D:5: 1576 daAuts
     D:2: 1065 daAuts
     D:6: 895 daAuts
     D:1: 830 daAuts
     D:4: 819 daAuts
     D:7: 385 daAuts
  Bailey: 225 daAuts
